 Dungeon Crawl Stone Soup version 0.25-a0-435-g4b9beb1024 (webtiles) character file.

Game seed: 16410672831323287316, levelgen mode: deterministic

1194 Bikalo the Chopper (level 8, -1/64 HPs)
             Began as a Formicid Fighter on Jan 28, 2020.
             Was an Initiate of Gozag.
             Slain by Pikel
             ... wielding a +1 whip of freezing
              (2 damage)
             ... on level 5 of the Dungeon.
             The game lasted 00:07:25 (3812 turns).

Bikalo the Chopper (Formicid Fighter)               Turns: 3812, Time: 00:07:27

Health: -1/64      AC:  8    Str: 23    XL:     8   Next: 71%
Magic:  8/8        EV:  9    Int: 11    God:    Gozag
Gold:   188        SH: 10    Dex: 10    Spells: 7/7 levels left

rFire    . . .     SeeInvis +   a - +0 war axe
rCold    . . .     Gourm    .   c - +0 shield
rNeg     . . .     Faith    .   b - +0 scale mail
rPois    .         Spirit   .   (helmet unavailable)
rElec    .         Reflect  .   j - +0 cloak
rCorr    .         Harm     .   (no gloves)
MR       .....                  (no boots)
Stlth    ..........             m - amulet of regeneration
HPRegen  0.60/turn              p - +3 ring of intelligence
MPRegen  0.11/turn              (no ring)

@: no status effects
A: permanent stasis, dig shafts and tunnels, four strong arms, antennae 3
a: Dig, Shaft Self, Potion Petition, Call Merchant, Bribe Branch, Renounce
Religion


You were on level 5 of the Dungeon.
You worshipped Gozag.
Gozag was aware of your devotion.
You were not hungry.

You visited 1 branch of the dungeon, and saw 5 of its levels.

You collected 318 gold pieces.
You spent 80 gold pieces at shops.
You paid 50 gold pieces to Gozag.

Inventory:

Hand Weapons
 a - a +0 war axe (weapon)
Armour
 b - a +0 scale mail (worn)
 c - a +0 shield (worn)
 j - a +0 cloak (worn)
Jewellery
 m - an amulet of regeneration (around neck)
 p - a +3 ring of intelligence (left hand)
Wands
 r - a wand of digging (5)
 t - a wand of enslavement (6)
Scrolls
 d - a scroll of identify {unknown}
 e - a scroll of amnesia {unknown}
 h - 4 scrolls of teleportation {unknown}
 i - a scroll of enchant weapon {unknown}
 l - a scroll of remove curse {unknown}
 n - a scroll of fear {unknown}
Potions
 g - 3 potions of curing
 k - a potion of mutation {unknown}
 o - a potion of ambrosia {unknown}
 s - a potion of haste
Comestibles
 f - 10 rations


   Skills:
 + Level 5.8 Fighting
 * Level 6.5 Axes
 + Level 5.8 Armour
 + Level 6.3 Shields


You had 7 spell levels left.
You didn't know any spells.
Your spell library was empty.

Dungeon Overview and Level Annotations

Branches:
Dungeon (5/15)
 Temple: D:4-7

Altars:
Fedhas
Gozag
Makhleb
Yredelemnul

Shops:
D:4 !

Annotations:
D:5 Pikel


Innate Abilities, Weirdness & Mutations

You cannot be hasted, slowed, berserked, paralysed or teleported.
You can dig through walls and to a lower floor.
Your four strong arms can wield two-handed weapons with a shield.
You have a pair of large antennae on your head. (SInv)


Message History

Pikel freezes you.
* * * LOW HITPOINT WARNING * * *
Pikel barely misses you. The slave hits you.
* * * LOW HITPOINT WARNING * * *
You feel better. Pikel barely misses you. You block the slave's attack.
Pikel hits you but does no damage.
You hit Pikel.
Pikel is almost dead.
You slash the slave!
You kill the slave!
That felt strangely unrewarding.
Pikel hits you with a +1 whip of freezing!
* * * LOW HITPOINT WARNING * * *
Pikel freezes you.
* * * LOW HITPOINT WARNING * * *
Pikel hits you with a +1 whip of freezing.
* * * LOW HITPOINT WARNING * * *
Pikel freezes you.
You die...
Your body crumbles into a pile of gold.

#..# #..# #..# #..#
#..# ###########..#
$ .........##..#
.......K[....#
.#p...##@###.####
#..#...........#####
## ####.#..........#
{ ..#.#........#
#.#.#.##...###
###.####...# { {#_#{
#...# {{
########...#
#.#1#.##...#


You could see Pikel.

Vanquished Creatures
  Grinder (D:3)
  Prince Ribbit (D:5)
  4 slaves (D:5)
  3 ogres
  Blork the orc (D:5)
  A scorpion (D:3)
  2 crimson imps
  A bullfrog skeleton (D:5)
  2 orc priests
  Natasha (thrice) (D:3)
  3 worker ants
  6 adders (D:2)
  A shadow imp (D:5)
  An ooze (D:1)
  A dart slug (D:2)
  2 leopard geckos
  4 orcs (D:4)
  4 bats
  6 giant cockroaches
  6 goblins
  8 hobgoblins
  7 jackals
  4 kobolds
  2 quokkas
  2 ball pythons
  3 frilled lizards
  A jackal skeleton (D:2)
  6 rats
86 creatures vanquished.

Notes
Turn   | Place    | Note
-------+----------+-------------------------------------------
     0 | D:1      | Bikalo the Formicid Fighter began the quest for the Orb.
     0 | D:1      | Reached XP level 1. HP: 18/18 MP: 1/1
    69 | D:1      | Reached XP level 2. HP: 24/24 MP: 2/2
   347 | D:1      | Reached XP level 3. HP: 29/29 MP: 3/3
   902 | D:2      | Reached XP level 4. HP: 33/37 MP: 4/4
  1127 | D:2      | Found a blossoming altar of Fedhas.
  1182 | D:2      | Reached XP level 5. HP: 42/42 MP: 5/5
  1541 | D:3      | Noticed Grinder
  1541 | D:3      | Noticed Natasha
  1558 | D:3      | Killed Grinder
  1558 | D:3      | Reached XP level 6. HP: 37/49 MP: 6/6
  1578 | D:3      | Killed Natasha
  1782 | D:3      | Noticed Natasha
  1786 | D:3      | Killed Natasha
  1786 | D:3      | Reached skill level 5 in Shields
  1855 | D:3      | Found a basalt altar of Yredelemnul.
  1929 | D:3      | Reached XP level 7. HP: 46/55 MP: 7/7
  2015 | D:3      | Noticed Natasha
  2020 | D:3      | Killed Natasha
  2759 | D:4      | Found Ximaetz's Distillery.
  2767 | D:4      | Bought a potion of heal wounds for 50 gold pieces
  2767 | D:4      | Bought a potion of curing for 30 gold pieces
  2792 | D:3      | Reached skill level 5 in Axes
  2809 | D:3      | Reached skill level 5 in Fighting
  2809 | D:3      | Reached skill level 5 in Armour
  3002 | D:4      | Found an opulent altar of Gozag.
  3023 | D:4      | Became a worshipper of Gozag Ym Sagoz the Greedy
  3357 | D:5      | Entered Level 5 of the Dungeon
  3393 | D:5      | Noticed Blork the orc
  3404 | D:5      | Killed Blork the orc
  3404 | D:5      | Reached XP level 8. HP: 61/62 MP: 8/8
  3639 | D:5      | Noticed Prince Ribbit
  3661 | D:5      | Killed Prince Ribbit
  3732 | D:5      | Found a burning altar of Makhleb.
  3732 | D:5      | Noticed an Executioner
  3787 | D:5      | Noticed Pikel
  3812 | D:5      | HP: 1/64 [Pikel/+1 whip of freezing (6)]
  3812 | D:5      | Slain by Pikel

Levels and vault maps discovered:
D:1:      psy_arrival_whirlpool, layout_basic, chequers_serial_rivers_small_a
D:2:      layout_loops_ring, old_standard_altar
D:3:      layout_basic, lemuel_crystal_altar, uniq_grinder, uniq_natasha
D:4:      layout_cave_pools, first_ration, serial_shops, shop,
          nicolae_gozag_seed_capital
D:5:      layout_basic, makhleb_altar_promises_db, trog_book,
          uniq_blork_the_orc, uniq_prince_ribbit1, uniq_pikel

Skill      XL: |  1  2  3  4  5  6  7  8 |
---------------+-------------------------+-----
Shields        | 4 5 6 |  6.3
Axes           | 3 4 5 6 |  6.5
Armour         | 4 5 |  5.8
Fighting       | 4 5 |  5.8

Action                   |  1- 3 |  4- 6 |  7- 9 || total
-------------------------+-------+-------+-------++-------
Melee: War axe           |    85 |    92 |   199 ||   376
  Use: Potion            |       |       |     4 ||     4
  Eat: Chunk             |       |     4 |       ||     4
       Ration            |       |       |     2 ||     2
Armor: Scale mail        |    37 |    34 |    72 ||   143
Dodge: Dodged            |    22 |    24 |    67 ||   113
Block: Shield            |    46 |    48 |   106 ||   200

Table legend:
 A = Non-vault XP
 B = Vault XP
 C = Vault XP percentage of total XP
 D = Non-vault monster count
 E = Vault monster count
 F = Vault count percentage of total count
                 A         B        C        D         E       F
            +---------+---------+-------+---------+---------+-------
      Total |    1029 |     677 |  39.7 |      78 |       4 |   4.9
            +---------+---------+-------+---------+---------+-------
        D:1 |      37 |       0 |   0.0 |      18 |       0 |   0.0
        D:2 |     113 |       0 |   0.0 |      25 |       0 |   0.0
        D:3 |     367 |     312 |  45.9 |      15 |       2 |  11.8
        D:4 |     175 |       0 |   0.0 |      11 |       0 |   0.0
        D:5 |     337 |     365 |  52.0 |       9 |       2 |  18.2
            +---------+---------+-------+---------+---------+-------
